 Dungeon Crawl Stone Soup version 0.26-a0-651-gb41185065b (webtiles) character file.

Game seed: 18131045671514759128

352 Irenicus the Geomancer (level 6, -3/49 HPs)
             Began as a Deep Dwarf Earth Elementalist on Oct 6, 2020.
             Slain by an iguana (11 damage)
             ... on level 5 of the Dungeon.
             The game lasted 00:09:20 (1440 turns).

Irenicus the Geomancer (DDEE)                       Turns: 1440, Time: 00:09:21

Health: -3/49      AC:  4    Str: 11    XL:     6   Next: 34%
Magic:  0/8        EV: 12    Int: 18    God:
Gold:   188        SH:  0    Dex: 13    Spells: 5/8 levels left

rFire    + + .     SeeInvis .   s - +3 short sword
rCold    + . .     Faith    .   (no shield)
rNeg     . . .     Spirit   .   k - +0 leather armour
rPois    .         Reflect  .   g - +0 helmet
rElec    .         Harm     .   r - scarf {rC+ rF+}
rCorr    .         Rampage  .   (no gloves)
MR       .....                  (no boots)
Stlth    ++........             (no amulet)
HPRegen  0.00/turn              u - ring of protection from fire {rF+, !d}
MPRegen  0.11/turn              (no ring)

@: non-regenerating
A: damage resistance, heal wounds, sense surroundings 1, no regeneration
a: Heal Wounds


You were on level 5 of the Dungeon.
You visited 1 branch of the dungeon, and saw 4 of its levels.

You collected 188 gold pieces.

Inventory:

Hand Weapons
 h - a +0 dagger
   (You took it off a goblin on level 1 of the Dungeon)
 s - a +3 short sword (weapon)
   (You took it off a kobold on level 3 of the Dungeon)
Missiles
 b - 112 stones (quivered)
 c - 5 curare-tipped darts
Armour
 g - a +0 helmet (worn)
   (You found it on level 1 of the Dungeon)
 k - a +0 leather armour (worn)
   (You took it off an orc on level 3 of the Dungeon)
 r - a scarf of resistance (worn)
   (You found it on level 3 of the Dungeon)
 v - a +0 ring mail
   (You took it off an orc priest on level 3 of the Dungeon)
Jewellery
 u - a ring of protection from fire (left hand) {rF+, !d}
   (You took it off a gnoll on level 3 of the Dungeon)
Scrolls
 a - a scroll of teleportation {unknown}
 e - a scroll of enchant weapon {unknown}
 n - a scroll of enchant armour {unknown}
 o - a scroll of magic mapping {unknown}
 p - 2 scrolls of remove curse
 q - a scroll of immolation {unknown}
Potions
 f - a potion of flight
 i - a potion of mutation {!q}
 j - a potion of resistance
 l - a potion of curing
 m - a potion of invisibility
 t - a potion of brilliance
 w - a potion of stabbing


   Skills:
 - Level 2.1 Dodging
 - Level 2.4 Stealth
 - Level 1.7 Spellcasting
 - Level 0.8 Transmutations
 + Level 9.5 Earth Magic


You had 5 spell levels left.
You knew the following spells:

 Your Spells              Type           Power        Failure   Level
a - Sandblast             Erth           #####.       1%          1
w - Passwall              Tmut/Erth      ###.....     4%          2

Your spell library contained the following spells:

 Spells                   Type           Power        Failure   Level
 Stone Arrow              Conj/Erth      ###...       11%         3
 Lee's Rapid Deconstruct  Erth           #####.....   14%         5
 Petrify                  Tmut/Erth      ###.....     28%         4


Dungeon Overview and Level Annotations

Branches:
Dungeon (5/15)
 Temple: D:4-7

Altars:
Uskayaw


Innate Abilities, Weirdness & Mutations

You are resistant to damage.
You can heal yourself by infusing magical energy.
You passively map a small area around you.
You do not regenerate.


Message History

j - a potion of resistance
As you read the scroll of identify, it crumbles to dust.
t - a potion of brilliance MP restored: 7 An iguana, an ogre and a white imp come into view.
The ogre shouts!
The white imp shouts, "Remove thy stench, thou warped flap-mouthed reprobate!"
A bullfrog skeleton comes into view.
Found an escape hatch in the ceiling.
An iguana comes into view.
Found a blackened bronze ring.
Found a hide-covered altar of Uskayaw.
The iguana hisses angrily.
Casting: Sandblast (safe; 1% risk of failure)
Confirm with . or Enter, or press ? or * to list all spells.
Aiming: Sandblast (safe; 1% risk of failure)
Press: ? - help, Shift-Dir - straight line, f - bullfrog skeleton
Aim: a bullfrog skeleton The blast of sand hits the bullfrog skeleton!
The bullfrog skeleton is heavily damaged.
b - 119 stones The bullfrog skeleton misses you.
You now have 6/7 mp.
Casting: Sandblast (safe; 1% risk of failure)
Confirm with . or Enter, or press ? or * to list all spells.
Aiming: Sandblast (safe; 1% risk of failure)
Press: ? - help, Shift-Dir - straight line, f/p - bullfrog skeleton
Aim: a bullfrog skeleton (heavily damaged)
The blast of sand hits the bullfrog skeleton!
You destroy the bullfrog skeleton!
Your Earth Magic skill increases to level 9!
You have reached level 6!
Your experience leads to an increase in your attributes!
Increase (s)trength, (i)ntelligence, or (d)exterity?
You feel clever.
b - 118 stones You regained 2 hp, and now have 12/49 hp.
You now have 5/8 mp.
Casting: Sandblast (safe; 1% risk of failure)
Confirm with . or Enter, or press ? or * to list all spells.
Aiming: Sandblast (safe; 1% risk of failure)
Press: ? - help, Shift-Dir - straight line, f - ogre
Aim: an ogre, wielding a +0 giant spiked club The blast of sand hits the ogre.
The ogre is moderately wounded.
b - 117 stones You now have 4/8 mp.
Casting: Sandblast (safe; 1% risk of failure)
Confirm with . or Enter, or press ? or * to list all spells.
Aiming: Sandblast (safe; 1% risk of failure)
Press: ? - help, Shift-Dir - straight line, f/p - ogre
Aim: an ogre, wielding a +0 giant spiked club (moderately wounded)
The blast of sand hits the ogre.
The ogre is heavily wounded.
b - 116 stones The ogre misses you.
You now have 3/8 mp.
Casting: Sandblast (safe; 1% risk of failure)
Confirm with . or Enter, or press ? or * to list all spells.
Aiming: Sandblast (safe; 1% risk of failure)
Press: ? - help, Shift-Dir - straight line, f/p - ogre
Aim: an ogre, wielding a +0 giant spiked club (heavily wounded)
The blast of sand hits the ogre!
The ogre is almost dead.
b - 115 stones You now have 2/8 mp.
Casting: Sandblast (safe; 1% risk of failure)
Confirm with . or Enter, or press ? or * to list all spells.
Aiming: Sandblast (safe; 1% risk of failure)
Press: ? - help, Shift-Dir - straight line, f/p - ogre
Aim: an ogre, wielding a +0 giant spiked club (almost dead)
The blast of sand misses the ogre.
b - 114 stones The white imp laughs crazily.
The ogre barely misses you.
You now have 1/8 mp.
Casting: Sandblast (safe; 1% risk of failure)
Confirm with . or Enter, or press ? or * to list all spells.
Aiming: Sandblast (safe; 1% risk of failure)
Press: ? - help, Shift-Dir - straight line, f/p - ogre
Aim: an ogre, wielding a +0 giant spiked club (almost dead)
The blast of sand misses the ogre.
b - 113 stones The ogre hits you with a +0 giant spiked club.
* * * LOW HITPOINT WARNING * * *
You take 4 damage, and have 8/49 hp.
You now have 0/8 mp.
You barely miss the ogre.
The ogre is almost dead.
The ogre barely misses you.
You hit the ogre.
You kill the ogre!
The white imp spits at you.
Casting: Sandblast (safe; 1% risk of failure)
Confirm with . or Enter, or press ? or * to list all spells.
Aiming: Sandblast (safe; 1% risk of failure)
Press: ? - help, Shift-Dir - straight line, f - iguana
Aim: an iguana The blast of sand misses the iguana.
b - 112 stones The iguana bites you!
You die...

##..## ##..... #....##
##...... ####..###
###......> ##...##
##....#.... ###..###
###.......... ##...##
####............
###..####....#######....
###.....#### #...
##.@### #.. #l## #. #5##
* #..# , * * #..# ,,, ,
, #..# , , ** , #..#* ,
, * ,. * ##..#
._..####...# *,


You could see an iguana and a white imp.

Vanquished Creatures
  An ogre (D:5)
  An orc priest (D:3)
  A bullfrog skeleton (D:5)
  2 orc wizards (D:3)
  4 gnolls
  4 adders
  2 oozes
  5 dart slugs
  2 leopard geckos
  7 orcs (D:3)
  A ball python (D:1)
  3 bats
  11 goblins
  4 hobgoblins
  6 jackals
  A quokka (D:3)
  2 frilled lizards
  4 kobolds
  3 rats
64 creatures vanquished.

Notes
Turn   | Place    | Note
-------+----------+-------------------------------------------
     0 | D:1      | Irenicus the Deep Dwarf Earth Elementalist began the quest
                  | for the Orb.
     0 | D:1      | Reached XP level 1. HP: 15/15 MP: 3/3
   147 | D:1      | Reached skill level 5 in Earth Magic
   147 | D:1      | Reached XP level 2. HP: 19/22 MP: 0/4
   256 | D:1      | Learned a level 2 spell: Passwall
   377 | D:1      | Reached XP level 3. HP: 14/28 MP: 0/5
   581 | D:2      | Reached skill level 6 in Earth Magic
   727 | D:2      | Reached XP level 4. HP: 18/36 MP: 3/6
  1113 | D:3      | Reached skill level 7 in Earth Magic
  1223 | D:3      | Reached XP level 5. HP: 12/42 MP: 0/7
  1225 | D:3      | HP: 10/42 [gnoll/+0 whip (2)]
  1233 | D:3      | Reached skill level 8 in Earth Magic
  1349 | D:3      | You fall into a shaft and drop 2 floors!
  1349 | D:5      | Entered Level 5 of the Dungeon
  1420 | D:5      | Noticed an ogre
  1421 | D:5      | Found a hide-covered altar of Uskayaw.
  1431 | D:5      | Reached skill level 9 in Earth Magic
  1431 | D:5      | Reached XP level 6. HP: 12/49 MP: 5/8
  1437 | D:5      | HP: 8/49 [ogre/+0 giant spiked club (4)]
  1440 | D:5      | Slain by an iguana

Illustrated notes

Levels and vault maps discovered:
D:1:      dpeg_arrival_shelter, layout_basic
D:2:      layout_basic, minmay_pentomino_x4
D:3:      layout_basic, grunt_ministairs_3, uniq_terence, uniq_sigmund
D:5:      layout_cave_pods, marbit_many_paths, minitemple, lemuel_doored_altar,
          minmay_temple_entry_junction_2, basic_altar, uniq_blork_the_orc

Skill      XL: |  1  2  3  4  5 |
---------------+----------------+-----
Earth Magic    | 5 6 7 9 |  9.5
Dodging        | |  2.1
Stealth        | |  2.4
Spellcasting   | |  1.7
Transmutations | |  0.8

Action                   |  1- 3 |  4- 6 || total
-------------------------+-------+-------++-------
Melee: Unarmed           |     2 |       ||     2
       Dagger            |    17 |    10 ||    27
       Short sword       |       |    26 ||    26
 Cast: Sandblast         |    37 |    41 ||    78
       Passwall          |     4 |    12 ||    16
  Use: Scroll            |     2 |     6 ||     8
       Potion            |       |     1 ||     1
 Stab: Sleeping          |       |     1 ||     1
       Invisible         |       |     1 ||     1
Armor: Robe              |     6 |     3 ||     9
       Leather armour    |       |     6 ||     6
Dodge: Dodged            |    11 |    42 ||    53

Table legend: (Time is in decaauts)
 A = Elapsed time spent in this place.
 B = Non-inter-level travel time spent in this place.
 C = Inter-level travel time spent in this place.
 D = Time resting spent in this place.
 E = Time spent auto-exploring this place.
 F = Levels seen in this place.
 G = Mean time per level.
                   A        B        C        D        E       F      G
               +--------+--------+--------+--------+--------+-----+--------+
         Total |   1438 |   1390 |     48 |      0 |      0 |   4 |  359.5 |
       Dungeon |   1438 |   1390 |     48 |      0 |      0 |   4 |  359.5 |
               +--------+--------+--------+--------+--------+-----+--------+

Top non-repeatable levels by time:
     D:2: 474 daAuts
     D:3: 448 daAuts
     D:1: 425 daAuts
     D:5: 91 daAuts

Table legend:
 A = Kills in this place as a percentage of kills in entire the game.
 B = Kills by you in this place as a percentage of kills by you in the entire game.
 C = Kills by friends in this place as a percentage of kills by friends in the entire game.
 D = Other kills in this place as a percentage of other kills in the entire game.
 E = Experience gained in this place as a percentage of experience gained in the entire game.
 F = Experience gained in this place divided by the number of levels of this place that you have seen.
                   A       B       C       D       E      F
               +-------+-------+-------+-------+-------+----------------------
         Total | 100.0 | 100.0 |   N/A |   N/A | 100.0 | 125.8
       Dungeon | 100.0 | 100.0 |   N/A |   N/A | 100.0 | 125.8
               +-------+-------+-------+-------+-------+----------------------
